 Dungeon Sprint DCSS version 0.27-a0-448-gace5c5693b (webtiles) character file.

Game seed: 6797315862595824889

16 mhtbhm the Covered (level 2, -4/28 HPs)
             Began as a Minotaur Fighter on Feb 27, 2021.
             Was a Follower of Trog.
             Slain by a wolf (9 damage)
             ... in the Dungeon (Sprint VII: "The Pits").
             The game lasted 00:00:18 (234 turns).

mhtbhm the Covered (Minotaur Fighter)                Turns: 234, Time: 00:00:18

Health: -4/28      AC:  7    Str: 20    XL:     2   Next: 41%
Magic:  1/1        EV:  7    Int:  5    God:    Trog [*.....]
Gold:   0          SH:  9    Dex:  9    Spells: 1/1 levels left

rFire    . . .     SeeInvis .   a - +2 hand axe
rCold    . . .     Faith    .   c - +0 kite shield
rNeg     . . .     Spirit   .   b - +0 scale mail
rPois    .         Reflect  .   (helmet restricted)
rElec    .         Harm     .   (no cloak)
rCorr    .         Rampage  .   (no gloves)
Will     .....     NoTele   +   (no boots)
Stlth    ..........             (no amulet)
HPRegen  0.09/turn              (no ring)
MPRegen  0.07/turn              (no ring)

@: no status effects
A: retaliatory headbutt, horns 2
a: Renounce Religion, Berserk


You were in the Dungeon.
You worshipped Trog.
Trog was aware of your devotion.
You visited 1 branch

Inventory:

Hand Weapons
 a - a +2 hand axe (weapon)
Armour
 b - a +0 scale mail (worn)
 c - a +0 kite shield (worn)
Scrolls
 j - a scroll of blinking
 l - a scroll of summoning
Potions
 d - a potion of might
 e - a potion of curing
 f - a potion of heal wounds
 g - a potion of haste
 h - 4 potions of magic
 i - 3 potions of berserk rage
 k - 2 potions of invisibility


   Skills:
 + Level 4.7 Fighting
 + Level 3.3 Axes
 + Level 5.0 Armour
 + Level 4.7 Shields


You had one spell level left.
You didn't know any spells.
Your spell library was empty.

Dungeon Overview and Level Annotations

Branches:
Dungeon (1/1)

Altars:
Cheibriados
Dithmenos
Elyvilon
Fedhas
Gozag
Hepliaklqana
Makhleb
Nemelex Xobeh
Okawaru
Qazlal
Ru
Sif Muna
Trog
Vehumet
Wu Jian
Xom
Yredelemnul
Zin
The Shining One
Beogh
Jiyva
Lugonu


Innate Abilities, Weirdness & Mutations

You reflexively headbutt those who attack you in melee.
You have a pair of horns on your head.


Message History

You hit the rat.
You kill the rat!
Trog accepts your kill.
Your Armour skill increases to level 5!
No target in view!
No target in view!
No target in view!
No target in view!
No target in view!
No target in view!
There is an open door here.
You see here a leopard gecko corpse.
You start resting.
HP restored.
You open the door.
A wolf comes into view.
You miss the wolf. The wolf bites you but does no damage.
The wolf barely misses you.
You hit the wolf.
The wolf is moderately wounded.
The wolf bites you. The wolf bites you!
You hit the wolf but do no damage.
The wolf is moderately wounded.
The wolf barely misses you. You furiously retaliate!
You headbutt the wolf! The wolf bites you.
You hit the wolf. Your headbutt misses the wolf.
The wolf is severely wounded.
The wolf bites you but does no damage. The wolf bites you. x2
You miss the wolf.
You headbutt the wolf, but do no damage.
The wolf is severely wounded.
You block the wolf's attack. x2
You hit the wolf.
The wolf is severely wounded.
You block the wolf's attack. The wolf bites you.
* * * LOW HITPOINT WARNING * * *
You hit the wolf.
The wolf is almost dead.
The wolf bites you!
You die...

________.#
______...##########
##########'##........
#.?(.')))'.##......#.
##########.##........
#..........†'........
#+#####'#####......#.
#..#.)#..##........
#.@†..)..#####'####
##h####+###.......#
... #.......# #....
#.......# #####+
#...<...# #.......#
#.......# #.......#
#########


You could see a wolf.

Vanquished Creatures
  An adder (D)
  A leopard gecko (D)
  An orc (D)
  A goblin (D)
  2 rats (D)
6 creatures vanquished.

Notes
Turn   | Place    | Note
-------+----------+-------------------------------------------
     0 | D        | mhtbhm the Minotaur Fighter began the quest for the Orb.
     0 | D        | Reached XP level 1. HP: 19/19 MP: 0/0
    19 | D        | Found a bloodstained altar of Trog.
    19 | D        | Found a shimmering blue altar of Sif Muna.
    19 | D        | Found a viscous altar of Jiyva.
    19 | D        | Found a hazy altar of Hepliaklqana.
    19 | D        | Found an opulent altar of Gozag.
    20 | D        | Found a glowing golden altar of the Shining One.
    20 | D        | Found a glowing silver altar of Zin.
    20 | D        | Found a basalt altar of Yredelemnul.
    20 | D        | Found a shimmering altar of Xom.
    20 | D        | Found an ornate altar of the Wu Jian Council.
    20 | D        | Found a sacrificial altar of Ru.
    20 | D        | Found a stormy altar of Qazlal.
    20 | D        | Found an iron altar of Okawaru.
    20 | D        | Found a sparkling altar of Nemelex Xobeh.
    20 | D        | Found a burning altar of Makhleb.
    20 | D        | Found a blossoming altar of Fedhas.
    20 | D        | Found a white marble altar of Elyvilon.
    20 | D        | Found a shadowy altar of Dithmenos.
    20 | D        | Found a snail-covered altar of Cheibriados.
    22 | D        | Found a radiant altar of Vehumet.
    22 | D        | Found a corrupted altar of Lugonu.
    22 | D        | Found a roughly hewn altar of Beogh.
    24 | D        | Became a worshipper of Trog the Wrathful
    63 | D        | Reached skill level 4 in Armour
    72 | D        | Reached XP level 2. HP: 18/28 MP: 1/1
    74 | D        | Reached * piety under Trog
   149 | D        | Reached skill level 5 in Armour
   227 | D        | Noticed a wolf
   234 | D        | Slain by a wolf

Illustrated notes

Levels and vault maps discovered:
D:        pitsprint [storerooms_1, entrance_room_1, metal_vault_6, armoury_3,
          mini_pit_1, grid_room_1, main_hall_1, silver_pit, the_coven_3,
          the_vestibule_1, steel_vault_3, golden_pit, hallway_of_sentries,
          crystal_vault_2, iron_vault_1, final_vault]

Skill      XL: |  1  2 |
---------------+-------+-----
Fighting       | 4 |  4.7
Armour         | 4 5 |  5.0
Shields        | 4 |  4.7
Axes           | 3 |  3.3

Action                   || total
-------------------------++-------
Melee: Hand axe          ||    21
       Headbutt          ||     3
       War axe           ||     1
Armor: Scale mail        ||    11
Dodge: Dodged            ||     4
Block: Kite shield       ||     6

Table legend: (Time is in decaauts)
 A = Elapsed time spent in this place.
 B = Non-inter-level travel time spent in this place.
 C = Inter-level travel time spent in this place.
 D = Time resting spent in this place.
 E = Time spent auto-exploring this place.
 F = Levels seen in this place.
 G = Mean time per level.
                   A        B        C        D        E       F      G
               +--------+--------+--------+--------+--------+-----+--------+
         Total |    241 |    241 |      0 |    142 |      0 |   1 |  241.0 |
       Dungeon |    241 |    241 |      0 |    142 |      0 |   1 |  241.0 |
               +--------+--------+--------+--------+--------+-----+--------+

Top non-repeatable levels by time:
       D: 241 daAuts
